 Dungeon Crawl Stone Soup version 0.31.0-11-ge490571c62 (webtiles) character file.

Game seed: 3921236213880585575

2784 Ashen the Magician (level 10, -9/73 HPs)
             Began as a Djinni Hedge Wizard on Jan 27, 2024.
             Killed from afar by a white imp (13 damage)
             ... with a puff of frost
             ... on level 7 of the Dungeon.
             The game lasted 00:19:31 (5827 turns).

Ashen the Magician (Djinni Hedge Wizard)            Turns: 5827, Time: 00:19:33

Health: -9/73      AC:  5    Str:  9    XL:     10   Next: 1%
Gold:   433        EV: 14    Int: 25    God:
                   SH:  0    Dex: 14

rFire   + + .        q - +6 falchion of the Illusory Dances {elec, rC+}
rCold   . . .        (no shield)
rNeg    . . .        u - +0 troll leather armour {Pargi}
rPois   ∞            i - +0 helmet
rElec   .            D - +0 cloak
rCorr   .            (no gloves)
SInv    .            (boots unavailable)
Will    +....        (no amulet)
Stlth   ++           f - +6 ring of intelligence
HPRegen 1.12/turn    (no ring)
MPRegen 0.00/turn

%: infuse magic (-10 HP)
@: flying
A: sickness immunity, fire resistance 2, cold vulnerability 1, float, innate
caster, HP casting, extra vitality 1
a: no special abilities


You were on level 7 of the Dungeon.
You visited 2 branches of the dungeon, and saw 8 of its levels.
You also visited: Sewer.

You collected 433 gold pieces.

Inventory:

Hand Weapons
 q - the +6 falchion of the Illusory Dances (weapon) {elec, rC+}
   (You found it on level 3 of the Dungeon)

   rC+:       It protects you from cold.
 t - a +0 halberd of venom
Missiles
 C - 4 throwing nets
Armour
 i - a +0 helmet (worn)
 u - a +0 troll leather armour (worn) {Pargi}
 w - a +2 robe of fire resistance
 D - a +0 cloak (worn)
Magical Staves
 e - a staff of air
 h - a staff of earth
Jewellery
 f - a +6 ring of intelligence (left hand)
 y - an amulet of the acrobat
Wands
 s - a wand of iceblast (26)
 x - a wand of flame (16)
 z - a wand of light (3)
Scrolls
 b - a scroll of summoning {unknown}
 g - a scroll of vulnerability {unknown}
 m - 3 scrolls of teleportation {unknown}
 o - 4 scrolls of enchant weapon {unknown}
 p - 2 scrolls of identify {unknown}
 r - 2 scrolls of fog {unknown}
 A - 2 scrolls of blinking {unknown}
 E - a scroll of enchant armour {unknown}
Potions
 a - a potion of lignification {unknown}
 c - a potion of brilliance {unknown}
 d - a potion of might {unknown}
 j - 2 potions of haste {unknown}
 k - a potion of curing
 l - 2 potions of mutation {unknown}
 n - 2 potions of magic {unknown}
 v - a potion of invisibility {unknown}
 B - a potion of ambrosia {unknown}


   Skills:
 + Level 6.3 Fighting
 + Level 7.4 Dodging
 - Level 3.0 Stealth
 * Level 7.5 Spellcasting
 * Level 7.5 Conjurations
 * Level 7.5 Hexes
   Level 0.0 Charms
 * Level 7.5 Summonings
 * Level 7.5 Necromancy
 * Level 7.5 Translocations
   Level 0.0 Transmutations
 * Level 7.5 Fire Magic
 * Level 7.5 Ice Magic
 * Level 7.5 Air Magic
 * Level 7.5 Earth Magic
 * Level 7.5 Alchemy


You knew the following spells:

 Your Spells              Type           Power      Damage    Failure   Level
a - Magic Dart            Conj           100%       1d8       1%          1
b - Slow                  Hex            100%       N/A       1%          1
c - Blink                 Tloc           94%        N/A       1%          2
d - Call Imp              Summ           94%        N/A       1%          2
e - Mephitic Cloud        Conj/Alch/Air  47%        N/A       1%          3
f - Summon Small Mammal   Summ           100%       N/A       1%          1
g - Jinxbite              Hex            94%        N/A       1%          2
h - Stone Arrow           Conj/Erth      94%        3d12      1%          3
i - Fulminant Prism       Conj/Alch      23%        3d12      4%          4
Your spell library was empty.

Dungeon Overview and Level Annotations

Branches:
Dungeon (7/15)             Temple (1/1) D:7           Sewer (visited)

Altars:
Ashenzari
Cheibriados
Dithmenos
Elyvilon
Fedhas
Gozag
Hepliaklqana
Nemelex Xobeh
Okawaru
Qazlal
Ru
Trog
Uskayaw
Xom
Yredelemnul

Shops:
D:2 (   D:5 (

Annotations:
D:2 1 runed translucent door, Crazy Yiuf
D:4 3 runed translucent doors, Ashen's ghost, amateur GnAE; Deimar's ghost, amateur MfSh; Nattefrost's ghost, amateur DsMo; TobyConnect's ghost, amateur MiFi
D:6 3 runed translucent doors, Skimidon's ghost, novice AtHW


Innate Abilities, Weirdness & Mutations

You are immune to sickness and miasma.
You are immune to poison.
Your flesh is very heat resistant. (rF++)
You are vulnerable to cold. (rC-)
You float through the air rather than walking.
You learn spells naturally, not from books.
Your magical power is your life essence.
You have superior vitality. (+4 MHP)


Message History

Aiming: Throw Flame
Press: ? - help, Shift-Dir - straight line, f/p - gnoll sergeant
Aim: a gnoll sergeant, wielding a +0 spear, wearing a +0 scale mail and wearing a +0 buckler (confused, 93% to hit)
The puff of flame hits the white imp.
The white imp is lightly wounded.
The centaur shoots an arrow.
The arrow closely misses you. The white imp misses you.
It was a potion of curing.
You feel better.
The centaur shoots an arrow.
The arrow hits you!
* * * LOW HITPOINT WARNING * * *
The white imp gestures at you. The puff of frost hits you.
* * * LOW HITPOINT WARNING * * *
Unknown command.
You feel better.
The centaur throws a stone.
The stone hits you.
* * * LOW HITPOINT WARNING * * *
The kobold brigand is engulfed in noxious fumes.
The kobold brigand appears confused.
You completely miss the white imp.
The white imp is lightly wounded.
The centaur unwields a +0 shortbow.
The centaur hits you but does no damage.
The centaur closely misses you.
The kobold brigand is engulfed in noxious fumes.
The kobold brigand cries, "My head!
MY HEAD!!!"
The white imp hits you but does no damage.
The gnoll sergeant is engulfed in noxious fumes.
The gnoll sergeant appears confused.
The centaur wields a +0 shortbow.
The centaur shoots an arrow.
The arrow hits you.
* * * LOW HITPOINT WARNING * * *
You slash the white imp!
The white imp is almost dead.
The white imp gestures at you. The puff of frost hits you!
* * * LOW HITPOINT WARNING * * *
The gnoll sergeant closely misses the white imp.
The white imp gestures at you. The puff of frost hits you!
You die...

... #.# # #.. ### #.#
..##.. ..#####.########
....K #.#............##
##.##..####.#..............
......§..##.#...#.##....#.#
#....$)))....#.#....##.#.#
####..#g##.#.....#........
.......55@.##....#.##.#.##
#######c#####.........#...
#.# #..##.#.#...#. ...
##....#.#.>[#( #...
#..#....([.)) #...
#...#....#.#.# #...#
#.....##.#.#.# ...
....#..........
....#.#.#.##.#.


You could see a gnoll sergeant (confused), a centaur and 2 white imps.

Vanquished Creatures
  Pargi (Sewer)
  3 black bears
  An ice beast (D:6)
  2 orc warriors
  A sky beast (D:6)
  An ogre (D:5)
  2 centaurs
  A phantom (D:6)
  2 kobold brigands
  2 bullfrogs
  A brain worm (Sewer)
  2 scorpions (D:5)
  A burial acolyte (D:6)
  4 quasits
  2 gnoll boudas
  2 bombardier beetles
  2 jellies
  3 orc priests
  5 hounds
  2 iguanas (D:6)
  5 orc wizards
  Natasha (twice) (D:2)
  11 gnolls
  12 adders
  7 shadow imps
  3 white imps (D:6)
  3 ufetubi
  An adder zombie (D:6)
  2 dart slugs (D:1)
  2 ribbon worms
  28 orcs
  13 ball pythons
  2 endoplasms
  6 giant cockroaches
  3 goblins
  5 hobgoblins
  6 jackals
  4 quokkas
  6 bats
  8 frilled lizards
  A jackal zombie (D:6)
  15 kobolds
  6 rats
191 creatures vanquished.

Vanquished Creatures (others)
  An orc wizard (D:7)
1 creature vanquished.

Grand Total: 192 creatures vanquished

Notes
Turn   | Place    | Note
-------+----------+-------------------------------------------
     0 | D:1      | Ashen the Djinni Hedge Wizard began the quest for the Orb.
     0 | D:1      | Ashen set off with the following spells memorised: Magic
                  | Dart, Slow, Blink, Call Imp, Mephitic Cloud.
     0 | D:1      | Reached XP level 1. HP: 15/15 MP: 0/0
   167 | D:1      | Reached XP level 2. HP: 21/22 MP: 0/0
   553 | D:1      | Reached XP level 3. HP: 23/26 MP: 0/0
   553 | D:1      | Learned a level 1 spell: Summon Small Mammal
   728 | D:2      | Noticed Natasha
   736 | D:2      | Killed Natasha
   737 | D:2      | Reached skill level 1 in Fighting
   820 | D:2      | Reached XP level 4. HP: 30/32 MP: 0/0
   962 | D:2      | Found Inoah's Weapon Boutique.
  1282 | D:2      | Noticed Natasha
  1287 | D:2      | Killed Natasha
  1354 | D:2      | Reached XP level 5. HP: 36/37 MP: 0/0
  1354 | D:2      | Learned a level 2 spell: Jinxbite
  1764 | D:2      | Found a runed translucent door.
  1765 | D:2      | Noticed Crazy Yiuf
  2543 | D:3      | Identified the +6 falchion of the Illusory Dances {elec,
                  | rC+}
  2899 | D:4      | Found a runed translucent gate.
  2900 | D:4      | Found a runed translucent gate.
  2900 | D:4      | Found a runed translucent gate.
  2920 | D:4      | Noticed Deimar's ghost (amateur MfSh)
  2920 | D:4      | Noticed Ashen's ghost (amateur GnAE)
  2920 | D:4      | Noticed TobyConnect's ghost (amateur MiFi)
  2920 | D:4      | Noticed Nattefrost's ghost (amateur DsMo)
  2951 | D:4      | Reached XP level 6. HP: 38/43 MP: 0/0
  3125 | D:4      | Noticed a black bear
  3131 | D:4      | Killed a black bear
  3132 | D:4      | Reached XP level 7. HP: 42/49 MP: 0/0
  3132 | D:4      | Learned a level 3 spell: Stone Arrow
  3625 | D:5      | Entered Level 5 of the Dungeon
  3722 | D:5      | Found a broken altar of Ashenzari.
  3793 | D:5      | Found Gunedd's Weapon Emporium.
  3871 | D:5      | Found a glowing drain.
  3876 | Sewer    | Entered a sewer
  3990 | Sewer    | Reached skill level 5 in Spellcasting
  3990 | Sewer    | Reached skill level 5 in Conjurations
  3990 | Sewer    | Reached skill level 5 in Hexes
  3990 | Sewer    | Reached skill level 5 in Summonings
  3990 | Sewer    | Reached skill level 5 in Necromancy
  3990 | Sewer    | Reached skill level 5 in Translocations
  3990 | Sewer    | Reached skill level 5 in Fire Magic
  3990 | Sewer    | Reached skill level 5 in Ice Magic
  3990 | Sewer    | Reached skill level 5 in Air Magic
  3990 | Sewer    | Reached skill level 5 in Earth Magic
  3990 | Sewer    | Reached skill level 5 in Alchemy
  4190 | Sewer    | Noticed Pargi
  4194 | Sewer    | Killed Pargi
  4195 | Sewer    | Reached XP level 8. HP: 45/58 MP: 0/0
  4339 | D:5      | Reached skill level 5 in Dodging
  4704 | D:5      | Found a bloodstained altar of Trog.
  4805 | D:5      | Reached XP level 9. HP: 64/64 MP: 0/0
  4805 | D:5      | Learned a level 4 spell: Fulminant Prism
  4856 | D:6      | Reached skill level 5 in Fighting
  5020 | D:6      | Identified the +4 chain mail "Efassit" {rN+ Regen+}
  5021 | D:6      | Found a runed translucent gate.
  5022 | D:6      | Found a runed translucent gate.
  5023 | D:6      | Found a runed translucent gate.
  5026 | D:6      | Noticed Skimidon's ghost (novice AtHW)
  5289 | D:6      | Found a hide-covered altar of Uskayaw.
  5722 | D:7      | Found a staircase to the Ecumenical Temple.
  5773 | Temple   | Entered the Ecumenical Temple
  5817 | D:7      | Reached XP level 10. HP: 34/73 MP: 0/0
  5827 | D:7      | Killed from afar by a white imp

Illustrated notes

Levels and vault maps discovered:
D:1:      evilmike_arrival_plus, layout_basic, wad_floor_pattern_1,
          minmay_crystal_water
D:2:      layout_loops_corners, serial_shops, nicolae_shop_just_a_little_nook,
          uniq_crazy_yiuf_cottage, uniq_natasha
D:3:      layout_basic
D:4:      layout_basic, gammafunk_ghost_cemetery, corexii_checkpoint
D:5:      nicolae_cairo_tiling_very_big, layout_basic, kennysheep_mini_moat,
          lemuel_tele_altar, old_standard_altar, serial_shops,
          nicolae_shop_crystal, mainiacjoe_sewer_entry_somewhere_in_here_2
D:6:      layout_basic, nicolae_uskayaw_dance_studio,
          lemuel_zombie_altar_kikubaaqudgha, serial_demonic, serial_demonic_a,
          serial_demonic_a, serial_demonic_f, serial_demonic_c,
          biasface_ghost_orc_armoury, dreamdust_gnoll_farm
D:7:      layout_loops_cross, zin_statuary, minmay_temple_entry_ruins,
          minmay_manual_monstrance
Temple:   minmay_temple_bridge_abc

Skill      XL: |  1  2  3  4  5  6  7  8  9 |
---------------+----------------------------+-----
Fighting       | 1 2 3 4 6 |  6.3
Stealth        | 2 3 |  3.0
Dodging        | 3 4 5 7 |  7.4
Spellcasting   | 4 5 6 7 |  7.5
Conjurations   | 4 5 6 7 |  7.5
Hexes          | 4 5 6 7 |  7.5
Summonings     | 4 5 6 7 |  7.5
Necromancy     | 4 5 6 7 |  7.5
Translocations | 4 5 6 7 |  7.5
Fire Magic     | 4 5 6 7 |  7.5
Ice Magic      | 4 5 6 7 |  7.5
Air Magic      | 4 5 6 7 |  7.5
Earth Magic    | 4 5 6 7 |  7.5
Alchemy        | 4 5 6 7 |  7.5

Action                     |  1- 3 |  4- 6 |  7- 9 | 10-12 || total
---------------------------+-------+-------+-------+-------++-------
  Melee: Staff             |       |    15 |       |       ||    15
         Falchion          |       |    16 |   108 |     4 ||   128
         Punch             |       |     1 |     1 |       ||     2
   Cast: Magic Dart        |    40 |   102 |    23 |       ||   165
         Mephitic Cloud    |       |     2 |    17 |     1 ||    20
         Jinxbite          |       |     1 |     1 |       ||     2
         Stone Arrow       |       |       |    94 |       ||    94
  Evoke: Wand              |       |       |       |     1 ||     1
    Use: Potion            |       |       |       |     2 ||     2
   Stab: Sleeping          |       |       |     4 |       ||     4
         Confused          |       |       |     6 |       ||     6
 Armour: Robe              |     3 |    40 |    21 |       ||    64
         Troll leather arm |       |       |    66 |    12 ||    78
  Dodge: Dodged            |     5 |    64 |   115 |     5 ||   189
